 Dungeon Crawl Stone Soup version 0.31.0-11-ge490571c62 (webtiles) character file.

Game seed: 5960417068912729886

66 Bravepunisher the Ducker (level 3, -11/20 HPs)
             Began as a Spriggan Monk on Feb 3, 2024.
             Mangled by an orc warrior
             ... wielding a +0 hand axe
              (14 damage)
             ... on level 7 of the Dungeon.
             The game lasted 00:03:07 (979 turns).

Bravepunisher the Ducker (Spriggan Monk)             Turns: 979, Time: 00:03:07

Health: -11/20     AC:  2    Str:  7    XL:     3   Next: 96%
Magic:  4/4        EV: 21    Int: 11    God:
Gold:   86         SH:  0    Dex: 19    Spells: 2/2 levels left

rFire   . . .        a - +0 short sword
rCold   . . .        (no shield)
rNeg    . . .        b - +0 robe
rPois   .            (helmet restricted)
rElec   .            (no cloak)
rCorr   .            (gloves unavailable)
SInv    +            (boots unavailable)
Will    .....        g - amulet of regeneration
Stlth   ++           (no ring)
HPRegen 1.03/turn    (no ring)
MPRegen 0.09/turn

%: no passive effects
@: very quick
A: very small, no large weapons, unfitting armour, see invisible, speed 3
a: no special abilities


You were on level 7 of the Dungeon.
You visited 1 branch of the dungeon, and saw 7 of its levels.

You collected 86 gold pieces.

Inventory:

Hand Weapons
 a - a +0 short sword (weapon)
Armour
 b - a +0 robe (worn)
Jewellery
 g - an amulet of regeneration (around neck)
Wands
 h - a wand of mindburst (12)
Scrolls
 d - 7 scrolls of identify {unknown}
 e - 3 scrolls of teleportation {unknown}
 f - a scroll of revelation {unknown}
Potions
 c - a potion of ambrosia
 i - 2 potions of lignification {unknown}


   Skills:
 + Level 3.0 Fighting
 - Level 3.2 Short Blades
 * Level 5.8 Dodging


You had 2 spell levels left.
You didn't know any spells.
Your spell library contained the following spells:

 Spells                   Type           Power      Damage    Failure   Level
 Anguish                  Hex/Necr       0%         N/A       98%         4
 Cause Fear               Hex            0%         N/A       98%         4
 Enfeeble                 Hex            0%         N/A       100%        7


Dungeon Overview and Level Annotations

Branches:
Dungeon (7/15)
 Temple: D:4-7

Altars:


Innate Abilities, Weirdness & Mutations

You are very small and have problems with some larger weapons.
You are too small for most types of armour.
You have supernaturally acute eyesight. (SInv)
You cover ground extremely quickly. (Speed+++)


Message History

The orc shouts!
A jelly comes into view.
The jelly moves out of view.
You hit the orc warrior but do no damage.
You hit the orc warrior.
The orc warrior is moderately wounded.
The orc warrior barely misses you. The orc hits you with a +0 flail.
You hit the orc warrior but do no damage.
The orc warrior is moderately wounded.
The orc warrior closely misses you.
You closely miss the orc warrior.
The orc warrior is moderately wounded.
The orc misses you. The orc warrior completely misses you. The orc misses you.
You hit the orc warrior.
The orc warrior is moderately wounded.
The orc completely misses you. The orc warrior closely misses you.
The orc hits you with a +0 club.
You hit the orc warrior but do no damage.
The orc warrior is moderately wounded.
The orc misses you. The orc warrior completely misses you.
The orc barely misses you.
You hit the orc warrior.
The orc warrior is heavily wounded.
You hit the orc warrior but do no damage.
The orc warrior is heavily wounded.
The orc hits you but does no damage.
The orc warrior hits you with a +0 hand axe!
Ouch! That really hurt!
The orc barely misses you.
You barely miss the orc warrior.
The orc warrior is heavily wounded.
The orc closely misses you. The orc completely misses you.
The orc warrior hits you with a +0 hand axe.
* * * LOW HITPOINT WARNING * * *
You barely miss the orc warrior.
The orc warrior is heavily wounded.
The orc closely misses you.
The orc warrior hits you with a +0 hand axe!
Ouch! That really hurt!
You die...

##### #... ######.####
#.....o.o.##.##
##.######.####o##......
#.........# #o@oJ...#
...###.#### ####..###
#.# ...# #.# #.# #.# #
#.#.##.######
#..o.o......#
......##.....#
...#.........#


You could see an orc warrior, a jelly and 3 orcs.

Vanquished Creatures
  A howler monkey (D:5)
  2 adders
  2 bats
  An endoplasm (D:1)
  A goblin (D:4)
  2 hobgoblins
  A quokka (D:3)
  A ball python (D:1)
  A frilled lizard (D:1)
  A kobold (D:3)
13 creatures vanquished.

Notes
Turn   | Place    | Note
-------+----------+-------------------------------------------
     0 | D:1      | Bravepunisher the Spriggan Monk began the quest for the
                  | Orb.
     0 | D:1      | Reached XP level 1. HP: 11/11 MP: 2/2
   188 | D:1      | Found a faded altar of an unknown god.
   498 | D:4      | Noticed a scorpion
   498 | D:4      | Noticed a bullfrog
   521 | D:3      | Reached XP level 2. HP: 16/16 MP: 3/3
   734 | D:4      | Reached skill level 5 in Dodging
   807 | D:4      | Noticed a howler monkey
   813 | D:5      | Entered Level 5 of the Dungeon
   826 | D:5      | Killed a howler monkey
   827 | D:5      | Reached XP level 3. HP: 17/20 MP: 4/4
   887 | D:5      | Noticed a black bear
   897 | D:5      | Noticed a centaur
   897 | D:5      | Noticed a water moccasin
   966 | D:7      | Noticed an orc warrior
   979 | D:7      | Mangled by an orc warrior

Illustrated notes

Levels and vault maps discovered:
D:1:      dpeg_arrival_concentric_ovals, layout_basic,
          shapermc_ecumenical_altar_venn
D:2:      kennysheep_six_static_rooms, layout_basic, grunt_ministairs_1,
          minmay_cupped
D:3:      layout_basic, serial_bayou_lagoon_a
D:4:      layout_basic
D:5:      layout_basic
D:6:      layout_loops_cross, kennysheep_mini, minmay_temple_entry_overgrown,
          uniq_prince_ribbit1, uniq_duvessa, uniq_menkaure,
          uniq_crazy_yiuf_cottage, uniq_jeremiah
D:7:      layout_loops_cross, minivault_22, kb_rosetta

Skill      XL: |  1  2 |
---------------+-------+-----
Dodging        | 5 |  5.8
Fighting       | 3 |  3.0
Short Blades   | |  3.2

Action                     || total
---------------------------++-------
  Melee: Short sword       ||    83
    Use: Potion            ||     1
 Armour: Robe              ||    31
  Dodge: Dodged            ||    83
